 Dungeon Crawl Stone Soup version 0.27-a0-637-g3a9f0a9c12 (webtiles) character file.

Game seed: 9546802435909365883

53373 HoaS the Martial Artist (level 13, -10/114 HPs)
             Began as a Demigod Gladiator on Mar 14, 2021.
             Drowned by a drowned soul (12 damage)
             ... summoned by a merfolk avatar
             ... on level 6 of the Lair of Beasts.
             The game lasted 00:50:27 (22001 turns).

HoaS the Martial Artist (Demigod Gladiator)        Turns: 22001, Time: 00:50:28

Health: -10/114    AC: 19    Str: 29    XL:     13   Next: 98%
Magic:  16/16      EV: 21    Int: 10    God:
Gold:   2286       SH:  0    Dex: 26    Spells: 12/12 levels left

rFire    . . .     SeeInvis .     - Unarmed
rCold    . . .     Faith    .   (no shield)
rNeg     + . .     Spirit   .   g - +3 troll leather armour {Snorg}
rPois    .         Reflect  .   b - +2 helmet
rElec    .         Harm     .   M - +2 cloak
rCorr    .         Rampage  .   C - +2 pair of gloves
Will     ++...                  (no boots)
Stlth    +.........             L - amulet of the acrobat
HPRegen  1.29/turn              s - ring of the Omega Point {rN+ Will+ Dex+3}
MPRegen  0.15/turn              k - +6 ring of strength

@: mesmerised, hasted, slow
A: high mp 1, forlorn
a: no special abilities


You were on level 6 of the Lair of Beasts.
You visited 2 branches of the dungeon, and saw 17 of its levels.
You also visited: Ossuary.

You collected 2286 gold pieces.

Inventory:

Missiles
 i - 8 javelins (quivered)
 l - 107 poisoned darts
 n - 10 boomerangs
 p - 3 silver javelins
 z - 4 boomerangs of dispersal
 H - 2 atropa-tipped darts
Armour
 b - a +2 helmet (worn)
 g - a +3 troll leather armour (worn) {Snorg}
 v - a +2 chain mail of willpower
 C - a +2 pair of gloves (worn)
 M - a +2 cloak (worn)
Jewellery
 a - a ring of resist corrosion
 k - a +6 ring of strength (left hand)
 s - the ring of the Omega Point (right hand) {rN+ Will+ Dex+3}
   (You acquired it on level 5 of the Dungeon)

   [ring of positive energy]

   It affects your dexterity (+3).
   It protects you from negative energy.
   It affects your willpower, your defense against some magical effects.
 x - a +6 ring of strength
 E - a ring of protection from fire
 L - an amulet of the acrobat (around neck)
 N - a ring of fire
Wands
 h - a wand of random effects (17)
 o - a wand of paralysis (21)
 y - a wand of digging (7)
 D - a wand of iceblast (4)
 F - a wand of polymorph (14)
Scrolls
 c - 8 scrolls of fog
 e - 3 scrolls of fear
 G - a scroll of teleportation
 I - 6 scrolls of identify
Potions
 d - 8 potions of might
 f - a potion of berserk rage
 j - 11 potions of curing
 m - 2 potions of haste
 q - 4 potions of mutation
 r - 2 potions of flight
 t - 2 potions of cancellation
 u - 3 potions of attraction
 w - a potion of resistance
 A - 2 potions of invisibility
 B - a potion of lignification
 J - 3 potions of ambrosia


   Skills:
 + Level 10.5 Fighting
 - Level 1.7 Throwing
 + Level 10.5 Armour
 + Level 10.5 Dodging
 * Level 14.7 Unarmed Combat


You had 12 spell levels left.
You didn't know any spells.
Your spell library contained the following spells:

 Spells                   Type           Power      Damage    Failure   Level
 Corona                   Hex            0%         N/A       38%         1
 Freeze                   Ice            0%         1d3       38%         1
 Magic Dart               Conj           0%         1d3       38%         1
 Shock                    Conj/Air       0%         1d3       38%         1
 Blink                    Tloc           N/A        N/A       52%         2
 Call Imp                 Summ           0%         N/A       52%         2
 Ensorcelled Hibernation  Hex/Ice        0%         N/A       52%         2
 Slow                     Hex            0%         N/A       52%         2
 Swiftness                Air            0%         N/A       52%         2
 Confusing Touch          Hex            0%         N/A       77%         3
 Conjure Flame            Conj/Fire      0%         6-21      77%         3
 Dazzling Flash           Conj/Hex       0%         N/A       77%         3
 Frozen Ramparts          Ice            0%         1d2       77%         3
 Mephitic Cloud           Conj/Pois/Air  0%         N/A       77%         3
 Ozocubu's Armour         Ice            0%         N/A       77%         3
 Static Discharge         Conj/Air       0%         N/A       77%         3
 Tukima's Dance           Hex            0%         N/A       77%         3
 Airstrike                Air            0%         N/A       99%         4
 Animate Armour           Summ/Erth      0%         N/A       99%         4
 Cause Fear               Hex            0%         N/A       99%         4
 Hailstorm                Conj/Ice       0%         3d3       99%         4
 Leda's Liquefaction      Hex/Erth       0%         N/A       99%         4
 Summon Ice Beast         Ice/Summ       0%         N/A       99%         4
 Bolt of Magma            Conj/Fire/Erth 0%         4d4       100%        5
 Irradiate                Conj/Tmut      0%         3d14      100%        5
 Lightning Bolt           Conj/Air       0%         1d11      100%        5
 Silence                  Hex/Air        0%         N/A       100%        5
 Yara's Violent Unravell  Hex/Tmut       0%         3d3       100%        5
 Hydra Form               Tmut           0%         N/A       100%        6
 Iron Shot                Conj/Erth      0%         9d1       100%        6
 Statue Form              Tmut/Erth      0%         N/A       100%        6
 Dragon Form              Tmut           0%         N/A       100%        7
 Chain Lightning          Conj/Air       0%         N/A       100%        8
 Discord                  Hex            0%         N/A       100%        8
 Lehudib's Crystal Spear  Conj/Erth      0%         10d2      100%        8
 Absolute Zero            Ice            0%         ∞         100%        9
 Fire Storm               Conj/Fire      0%         5d1       100%        9
 Shatter                  Erth           0%         3d5*      100%        9


Dungeon Overview and Level Annotations

Branches:
Dungeon (11/15)            Temple (0/1) D:7            Lair (6/6) D:11
 Shoals (0/4) Lair:4       Spider (0/4) Lair:3        Slime (0/5) Lair:5
Ossuary (visited)
    Orc: D:9-12

Shops:
D:9 =


Innate Abilities, Weirdness & Mutations

Your attributes grow dramatically as you level up.
You have an increased reservoir of magic. (+10% MP)
You shall have no god before yourself.


Message History

The drowned soul touches you. The drowned soul drowns you!
The merfolk avatar chants its luring song.
The drowned soul touches you. The drowned soul drowns you!
You see here 21 gold pieces.
Why would you want to do that?
You punch the merfolk avatar! Your punch misses the merfolk avatar.
The merfolk avatar is lightly wounded.
The merfolk avatar chants its luring song.
You closely miss the merfolk avatar. Your punch misses the merfolk avatar.
The merfolk avatar is lightly wounded.
Your unstable footing causes you to fumble your attack.
The merfolk avatar chants its luring song.
The drowned soul touches you. The drowned soul drowns you!
Your unstable footing causes you to fumble your attack.
You closely miss the merfolk avatar. You punch the merfolk avatar!
The merfolk avatar is lightly wounded.
The drowned soul touches you. The drowned soul drowns you!
The merfolk avatar chants its luring song.
The drowned soul touches you. The drowned soul drowns you!
* * * LOW HITPOINT WARNING * * *
You hit the merfolk avatar.
The merfolk avatar is moderately wounded.
Your unstable footing causes you to fumble your attack.
The merfolk avatar chants its luring song.
You pummel the merfolk avatar!!
The merfolk avatar is heavily wounded.
You barely miss the merfolk avatar. You punch the merfolk avatar.
The merfolk avatar is heavily wounded.
The drowned soul touches you. The drowned soul drowns you!
* * * LOW HITPOINT WARNING * * *
The drowned soul touches you. The drowned soul drowns you!
* * * LOW HITPOINT WARNING * * *
The merfolk avatar chants its luring song.
You pummel the merfolk avatar!!
You punch the merfolk avatar, but do no damage.
The merfolk avatar is severely wounded.
You pummel the merfolk avatar!!
The merfolk avatar is almost dead.
The drowned soul touches you. The drowned soul drowns you!
You die...

.....≈≈≈≈≈##≈###≈≈##.≈##≈≈≈≈.....
.....≈.#≈≈#≈≈≈≈≈≈≈≈≈≈≈≈#≈≈##≈....
..S..≈.# ≈#≈≈≈≈≈88≈P≈≈≈#≈≈##≈....
......P≈≈ 8≈≈≈≈≈≈≈≈≈≈8#≈≈≈≈.....
......≈≈≈≈#####≈≈≈≈#####≈≈≈≈..†..
.....≈##≈≈#.≈≈≈≈≈≈≈≈≈≈8#≈≈..≈....
......##≈≈#≈≈≈≈≈≈≈≈P≈≈≈#≈≈.#.....
......≈≈≈ #≈≈≈≈≈≈≈≈≈≈≈≈#≈≈≈≈≈....
.....≈≈≈≈ #≈≈≈≈[@?[≈≈≈≈#≈≈≈≈.....
.....≈..≈ #≈≈≈≈(mW:≈≈P≈#≈≈.#≈....
.....≈##≈ #≈≈≈≈[WW[≈≈≈≈.#≈.#.....
.....≈≈≈≈ #≈≈≈≈[:)(≈≈#≈.≈≈≈≈≈....
..$...≈≈≈ #≈≈≈≈≈≈≈≈≈≈≈≈#≈≈≈≈≈....
..?..≈#.l #≈P≈≈≈≈≈≈≈≈≈≈#≈≈##.....
.....≈# #8≈≈≈≈≈≈≈≈≈≈.#≈≈##.....
.....≈≈≈≈ #####.########≈≈≈≈.....
......≈≈≈ ≈≈≈≈.....


You could see a merfolk avatar (mesmerising) and 3 drowned souls.

Vanquished Creatures
  Snorg (D:10)
  3 hydras
  Erolcha (D:8)
  A boulder beetle (Lair:2)
  A catoblepas (Lair:6)
  A centaur warrior (D:10)
  A two-headed ogre (D:9)
  2 death yaks (Lair:5)
  Nergalle (D:11)
  2 sea snakes (Lair:6)
  An unseen horror (D:10)
  Pikel (D:7)
  A deep elf pyromancer (D:10)
  2 manticores (D:10)
  9 elephants
  An oklob plant (Lair:1)
  Joseph (D:8)
  An eye of devastation (Lair:5)
  A merfolk siren (Lair:4)
  A black mamba (Lair:5)
  A gargoyle (D:10)
  21 cane toads
  Maggie (D:6)
  A torpor snail (Lair:6)
  3 rime drakes (Lair:6)
  11 komodo dragons
  2 trolls
  3 polar bears (Lair:6)
  A queen bee (Lair:2)
  4 hornets (Lair:6)
  2 wind drakes (Lair:6)
  14 blink frogs
  7 wyverns
  2 redbacks (Lair:3)
  51 yaks
  6 basilisks
  2 steam dragons
  An acid dragon (D:11)
  Duvessa (D:6)
  A soldier ant (D:10)
  15 water moccasins
  A floating eye (Lair:5)
  8 orc warriors
  6 black bears
  6 ogres
  An ice beast (D:9)
  3 centaurs
  35 wolves
  A phantom (D:6)
  A kobold brigand (D:11)
  2 lemures (D:7)
  13 bullfrogs
  4 water moccasin zombies (Ossuary)
  Dowan (D:6)
  3 scorpions
  40 killer bees
  14 wights
  4 howler monkeys
  2 bullfrog zombies
  3 jellies
  9 hounds
  6 orc priests
  A gnoll shaman (D:6)
  3 bullfrog skeletons
  A centaur skeleton (D:7)
  4 iguanas
  7 hell rats (Lair:6)
  13 orc wizards
  7 worker ants
  A killer bee zombie (D:7)
  2 mummies (Ossuary)
  2 worker ant zombies (D:10)
  Robin (D:1)
  4 gnolls
  6 adders
  A shadow imp (D:9)
  2 white imps
  4 oozes
  10 adder zombies
  2 adder skeletons
  2 dart slugs
  7 worms
  4 leopard geckos
  63 orcs
  2 ball pythons
  9 bats
  8 giant cockroaches
  20 goblins
  14 hobgoblins
  5 jackals
  5 quokkas
  3 frilled lizards
  4 gnoll zombies
  6 hobgoblin zombies (Ossuary)
  11 kobolds
  4 kobold zombies (Ossuary)
  An orc zombie (Ossuary)
  3 quokka skeletons
  8 rats
  A spectral orc (D:4)
597 creatures vanquished.

Vanquished Creatures (others)
  3 yaks (Lair:5)
  A dart slug (D:4)
  2 orcs (D:4)
  A bush (Lair:6)
  31 fungi
  77 plants
  3 withered plants (D:2)
118 creatures vanquished.

Grand Total: 715 creatures vanquished

Notes
Turn   | Place    | Note
-------+----------+-------------------------------------------
     0 | D:1      | HoaS the Demigod Gladiator began the quest for the Orb.
     0 | D:1      | Reached XP level 1. HP: 17/17 MP: 3/3
   369 | D:1      | Reached skill level 3 in Unarmed Combat
   452 | D:1      | Reached XP level 2. HP: 23/24 MP: 4/4
   821 | D:2      | Noticed Robin
  1226 | D:1      | Killed Robin
  1227 | D:1      | Reached skill level 4 in Unarmed Combat
  1227 | D:1      | Reached XP level 3. HP: 29/29 MP: 5/5
  1604 | D:2      | Reached XP level 4. HP: 30/36 MP: 6/6
  1989 | D:3      | Reached skill level 5 in Unarmed Combat
  2717 | D:3      | Reached XP level 5. HP: 41/41 MP: 7/7
  3343 | D:4      | Reached skill level 6 in Unarmed Combat
  3903 | D:4      | Reached skill level 1 in Armour
  3909 | D:4      | Reached XP level 6. HP: 44/48 MP: 8/8
  4911 | D:4      | Reached XP level 7. HP: 26/57 MP: 9/9
  5177 | D:5      | Entered Level 5 of the Dungeon
  5255 | D:5      | Found a sand-covered staircase.
  5261 | Ossuary  | Entered an ossuary
  5574 | D:5      | Identified a scroll of acquirement
  5574 | D:5      | Acquired the ring of the Omega Point {rN+ Will+ Dex+3}
  6323 | D:6      | Reached skill level 7 in Unarmed Combat
  6519 | D:5      | Reached XP level 8. HP: 66/66 MP: 10/10
  6780 | D:6      | Noticed Duvessa
  6804 | D:6      | Noticed Dowan
  6812 | D:6      | Killed Duvessa
  6829 | D:6      | Killed Dowan
  6943 | D:6      | Noticed Maggie
  6959 | D:6      | Killed Maggie
  7481 | D:6      | Reached skill level 8 in Unarmed Combat
  7805 | D:7      | Acquired 982 gold pieces
  7825 | D:7      | Reached skill level 5 in Fighting
  7857 | D:7      | Reached skill level 5 in Armour
  7857 | D:7      | Reached skill level 5 in Dodging
  7857 | D:7      | Reached XP level 9. HP: 29/74 MP: 11/11
  8403 | D:7      | Found a staircase to the Ecumenical Temple.
  8547 | D:7      | Identified the +1 flail of Defiance {vorpal, Dex+5}
  8558 | D:7      | Reached skill level 9 in Unarmed Combat
  8932 | D:8      | Noticed Joseph
  8952 | D:8      | Killed Joseph
  9220 | D:8      | Noticed Pikel
  9496 | D:7      | Killed Pikel
  9946 | D:8      | Reached XP level 10. HP: 78/83 MP: 13/13
 10128 | D:9      | Noticed a two-headed ogre
 10170 | D:9      | Found Kaoles's Jewellery Shoppe.
 10220 | D:9      | Noticed Erolcha
 10714 | D:8      | Killed Erolcha
 10715 | D:8      | Reached skill level 10 in Unarmed Combat
 10870 | D:9      | Killed a two-headed ogre
 11368 | D:10     | Entered Level 10 of the Dungeon
 11555 | D:10     | Noticed a deep elf pyromancer
 11577 | D:10     | Killed a deep elf pyromancer
 12466 | D:9      | Reached skill level 11 in Unarmed Combat
 12466 | D:9      | Reached XP level 11. HP: 49/92 MP: 14/14
 12869 | D:10     | Noticed Snorg
 12877 | D:10     | Killed Snorg
 14296 | D:10     | Noticed a centaur warrior
 14304 | D:10     | Killed a centaur warrior
 14474 | D:10     | Killed an unseen horror
 14687 | D:11     | Found a staircase to the Lair.
 14882 | D:11     | Noticed Nergalle
 14914 | D:11     | Killed Nergalle
 14950 | D:11     | Reached skill level 12 in Unarmed Combat
 15261 | Lair:1   | Entered Level 1 of the Lair of Beasts
 15523 | Lair:1   | Reached XP level 12. HP: 103/103 MP: 15/15
 15786 | Lair:1   | Noticed an eight-headed hydra
 15798 | Lair:1   | Killed an eight-headed hydra
 16392 | Lair:2   | Noticed a boulder beetle
 16705 | Lair:2   | Killed a boulder beetle
 16706 | Lair:2   | Reached skill level 13 in Unarmed Combat
 17068 | Lair:2   | Identified the +5 quarterstaff "Symust" {freeze, rF- Int+4
                  | Dex+4}
 17728 | Lair:3   | Found a hole to the Spider Nest.
 18462 | Lair:4   | Reached XP level 13. HP: 108/111 MP: 16/16
 18686 | Lair:4   | Found a staircase to the Shoals.
 19555 | Lair:5   | Found a staircase to the Slime Pits.
 20467 | Lair:6   | Entered Level 6 of the Lair of Beasts
 20557 | Lair:6   | Reached skill level 14 in Unarmed Combat
 20587 | Lair:6   | Reached skill level 10 in Fighting
 20592 | Lair:6   | Reached skill level 10 in Armour
 20592 | Lair:6   | Reached skill level 10 in Dodging
 20693 | Lair:6   | Paralysed by a hornet for 1 turns
 21270 | Lair:6   | Paralysed by a hornet for 2 turns
 21999 | Lair:6   | HP: 1/114 [drowned by a drowned soul[a merfolk avatar]
                  | (13)]
 22001 | Lair:6   | Drowned by a drowned soul

Illustrated notes

Levels and vault maps discovered:
D:1:      roderic_chinese_lattice_arrival, layout_rooms
D:2:      layout_loops_ring, serial_undead, serial_undead_b, serial_undead_c,
          serial_undead_a, serial_undead_f, uniq_robin
D:3:      layout_basic
D:4:      layout_basic, xom_confusion_cloud, kennysheep_mini,
          nicolae_hepliaklqana_monster_ancestors, kennysheep_little_box
D:5:      layout_loops_ring, lemuel_zombie_altar_yredelemnul, enter_ossuary_5,
          makhleb_blood_cavern_becter
D:6:      layout_loops_ring, nicolae_tso_carved_into_rock,
          general_overflow_altar, basic_altar, minmay_misc_feat_iff,
          trog_hazing_becter, uniq_duvessa, uniq_maggie
D:7:      layout_basic, lemuel_coloured_pillars_altar, minmay_temple_entry_waves
D:8:      layout_gridville, lemuel_doored_altar, uniq_joseph, uniq_pikel
D:9:      layout_basic, grunt_qazlal_sundering, serial_shops,
          nicolae_shop_crystal, minmay_misc_feat_secret_circle, uniq_erolcha
D:10:     minmay_tri_box, layout_long_grid, basic_altar,
          kennysheep_cluttered_room, kennysheep_generic_room_5, uniq_snorg
D:11:     layout_cross, lair_entry_dummy, uniq_nergalle
Lair:1:   layout_chaotic_city, minmay_lair_oklob_chamber, lemuel_fruit_tree
Lair:2:   regret_index_bee_streams, layout_regular_city, serial_bayou_pond_a,
          st_stairs_10, grunt_megastairs_5, serial_bayou_shore_a
Lair:3:   layout_roguey, spider_nest_entry_webs, grunt_megastairs_2
Lair:4:   layout_regular_city, minmay_shoals_entry_lonely_mermaid
Lair:5:   layout_cave_pods, minmay_slime_entry_eyes
Lair:6:   gammafunk_lair_ancient_temple, layout_regular_city

Skill      XL: |  1  2  3  4  5  6  7  8  9 10 11 12 13 |
---------------+----------------------------------------+-----
Unarmed Combat | 3 4 5 6 7 8 9 11 12 13 14 | 14.7
Fighting       | 2 3 5 6 7 8 9 10 | 10.5
Dodging        | 3 5 6 7 8 9 10 | 10.5
Armour         | 1 3 5 6 7 8 9 10 | 10.5
Throwing       | |  1.7

Action                   |  1- 3 |  4- 6 |  7- 9 | 10-12 | 13-15 || total
-------------------------+-------+-------+-------+-------+-------++-------
Melee: Unarmed           |   200 |   256 |   560 |  1062 |   490 ||  2568
       Punch             |     5 |     3 |    34 |    95 |    71 ||   208
Throw: Throwing net      |       |     3 |     6 |     7 |       ||    16
       Dart              |       |       |     5 |    10 |       ||    15
       Boomerang         |       |       |       |    10 |       ||    10
       Javelin           |       |       |       |     6 |       ||     6
Evoke: Wand              |       |       |       |     3 |       ||     3
  Use: Scroll            |     5 |     4 |    14 |    10 |     2 ||    35
       Potion            |       |       |       |     2 |     3 ||     5
 Stab: Held in net/web   |       |     2 |     7 |     5 |       ||    14
       Sleeping          |       |       |       |     3 |     1 ||     4
Armor: Leather armour    |    10 |       |       |       |       ||    10
       Chain mail        |    74 |       |    89 |   164 |       ||   327
       Plate armour      |    29 |   135 |   142 |       |       ||   306
       Troll leather arm |       |       |       |   189 |   120 ||   309
Dodge: Dodged            |    64 |    76 |   242 |   857 |   445 ||  1684

Table legend: (Time is in decaauts)
 A = Elapsed time spent in this place.
 B = Non-inter-level travel time spent in this place.
 C = Inter-level travel time spent in this place.
 D = Time resting spent in this place.
 E = Time spent auto-exploring this place.
 F = Levels seen in this place.
 G = Mean time per level.
                   A        B        C        D        E       F      G
               +--------+--------+--------+--------+--------+-----+--------+
         Total |  21574 |  20759 |    815 |   6549 |   9501 |  18 | 1198.6 |
       Dungeon |  14810 |  14353 |    457 |   5764 |   5662 |  11 | 1346.4 |
          Lair |   6503 |   6145 |    358 |    718 |   3768 |   6 | 1083.8 |
       Ossuary |    260 |    260 |      0 |     67 |     71 |   1 |  260.0 |
               +--------+--------+--------+--------+--------+-----+--------+

Top non-repeatable levels by time:
     D:9: 2578 daAuts
     D:4: 1922 daAuts
    D:10: 1590 daAuts
     D:7: 1427 daAuts
     D:8: 1417 daAuts
     D:3: 1377 daAuts
  Lair:6: 1334 daAuts
  Lair:2: 1280 daAuts
     D:6: 1240 daAuts
     D:1: 1205 daAuts
  Lair:5: 1081 daAuts
     D:5: 1023 daAuts
  Lair:4: 956 daAuts
  Lair:1: 948 daAuts
  Lair:3: 902 daAuts
